 Dungeon Crawl Stone Soup version 0.29-a0-919-gd064cfad1c (webtiles) character file.

Game seed: 5843585876233112427

12 IdlyInterested the Ducker (level 2, -1/20 HPs)
             Began as a Demonspawn Wanderer on July 26, 2022.
             Slain by an adder (2 damage)
             ... on level 2 of the Dungeon.
             The game lasted 00:02:10 (917 turns).

IdlyInterested the Ducker (Demonspawn Wanderer)      Turns: 917, Time: 00:02:11

Health: -1/20      AC:  4    Str: 13    XL:     2   Next: 20%
Magic:  2/2        EV: 13    Int: 10    God:
Gold:   31         SH:  0    Dex: 14    Spells: 1/1 levels left

rFire   . . .      SeeInvis .   a - +0 mace
rCold   . . .      Faith    .   (no shield)
rNeg    . . .      Spirit   .   c - +0 leather armour
rPois   .          Reflect  .   (helmet restricted)
rElec   .          Harm     .   k - +0 cloak
rCorr   .          Rampage  .   (no gloves)
Will    .....                   (no boots)
Stlth   ++........              (no amulet)
HPRegen 0.06/turn               (no ring)
MPRegen 0.08/turn               (no ring)

@: lethally poisoned (-1 -> -3)
A: horns 1
a: no special abilities


You were on level 2 of the Dungeon.
You visited 1 branch of the dungeon, and saw 2 of its levels.

You collected 31 gold pieces.

Inventory:

Hand Weapons
 a - a +0 mace (weapon)
Missiles
 b - 4 throwing nets
 m - 6 boomerangs (quivered)
Armour
 c - a +0 leather armour (worn)
 k - a +0 cloak (worn)
Scrolls
 e - 2 scrolls of summoning
 f - a scroll of poison {unknown}
 g - a scroll of torment {unknown}
 j - a scroll of silence {unknown}
Potions
 d - a potion of attraction
 h - a potion of curing {unknown}
 i - a potion of heal wounds {unknown}
 l - 2 potions of cancellation {unknown}


   Skills:
 + Level 0.5 Fighting
 * Level 1.5 Maces & Flails
 - Level 1.0 Throwing
 - Level 1.0 Armour
 * Level 4.6 Dodging
 - Level 2.0 Stealth


You had one spell level left.
You didn't know any spells.
Your spell library was empty.

Dungeon Overview and Level Annotations

Branches:
Dungeon (2/15)

Altars:

Shops:
D:1 (


Innate Abilities, Weirdness & Mutations

You have a pair of small horns on your head.


Message History

The adder hisses angrily.
You barely miss the adder. The adder bites you but does no damage.
You miss the adder. The adder closely misses you. The adder misses you.
You hit the adder but do no damage. The adder bites you.
The adder bites you but does no damage.
You hit the adder. You headbutt the adder.
The adder is heavily wounded.
The adder closely misses you. The adder completely misses you.
You closely miss the adder.
The adder is heavily wounded.
The adder bites you.
You are poisoned.
The adder poisons you!
You closely miss the adder.
The adder is heavily wounded.
You feel very sick. The adder barely misses you.
The adder bites you but does no damage.
You closely miss the adder.
The adder is heavily wounded.
You feel sick. The adder misses you. The adder barely misses you.
You barely miss the adder.
The adder is heavily wounded.
You feel sick. The adder closely misses you. The adder bites you.
You are more poisoned.
The adder poisons you!
You barely miss the adder.
The adder is heavily wounded.
You feel sick. The adder closely misses you.
You barely miss the adder.
The adder is heavily wounded.
* * * LOW HITPOINT WARNING * * *
You feel sick. The adder closely misses you.
The adder bites you but does no damage.
You closely miss the adder.
You headbutt the adder, but do no damage.
The adder is heavily wounded.
You feel sick. The adder bites you.
* * * LOW HITPOINT WARNING * * *
The adder bites you.
You die...

##. #.# ..
... #.. #.#
#.. #.#
...#.#
#.#.####.##
#..S.......
#..@.......
#..#....?..
#.. .......
### .......
.......
.......
.###### ..


You could see an adder.

Vanquished Creatures
  2 ball pythons (D:1)
  2 endoplasms (D:1)
  2 goblins (D:1)
  A kobold (D:1)
  2 bats (D:1)
  2 frilled lizards (D:1)
  A rat (D:1)
12 creatures vanquished.

Notes
Turn   | Place    | Note
-------+----------+-------------------------------------------
     0 | D:1      | IdlyInterested the Demonspawn Wanderer began the quest for
                  | the Orb.
     0 | D:1      | IdlyInterested set off with the following items: a +0 mace,
                  | 4 throwing nets, a +0 leather armour, a potion of
                  | attraction, a scroll of summoning.
     0 | D:1      | Reached XP level 1. HP: 13/13 MP: 1/1
   432 | D:1      | Discovered your monstrous ancestry.
   432 | D:1      | Gained mutation: You have a pair of small horns on your
                  | head. [demonic ancestry]
   432 | D:1      | Reached XP level 2. HP: 20/20 MP: 2/2
   611 | D:1      | Found Kosua's Weapon Shop.
   917 | D:2      | HP: 1/20 [adder (3)]
   917 | D:2      | Slain by an adder

Illustrated notes

Levels and vault maps discovered:
D:1:      dpeg_arrival_concentric_ovals, layout_basic, serial_shops,
          nicolae_shop_hallway_plus
D:2:      layout_basic, shapermc_ecumenical_altar_totnotflames,
          minmay_pentomino_o4

Skill      XL: |  1 |
---------------+----+-----
Stealth        | 2 |  2.0
Fighting       | |  0.5
Maces & Flails | |  1.5
Throwing       | |  1.0
Armour         | |  1.0
Dodging        | |  4.6

Action                   || total
-------------------------++-------
Melee: Mace              ||    35
       Punch             ||     1
       Headbutt          ||     3
 Stab: Sleeping          ||     4
Armor: Leather armour    ||     7
Dodge: Dodged            ||    28

Table legend: (Time is in decaauts)
 A = Elapsed time spent in this place.
 B = Non-inter-level travel time spent in this place.
 C = Inter-level travel time spent in this place.
 D = Time resting spent in this place.
 E = Time spent auto-exploring this place.
 F = Levels seen in this place.
 G = Mean time per level.
                   A        B        C        D        E       F      G
               +--------+--------+--------+--------+--------+-----+--------+
         Total |    928 |    928 |      0 |      0 |    746 |   2 |  464.0 |
       Dungeon |    928 |    928 |      0 |      0 |    746 |   2 |  464.0 |
               +--------+--------+--------+--------+--------+-----+--------+

Top non-repeatable levels by time:
     D:1: 910 daAuts
     D:2: 18 daAuts
